cohdb
Replays
Latest Replays
All Replays
Popular Replays
Top Player Replays
Match Explorer
How It Works
Community
CoH3 Stats
Reddit
Sign in to upload your games and track your stats! →
Sign in with Steam
Match 23764598
Unlisted
Match 23764598
Overview
Messages
Build Orders
End
Construct Section Command Post
Selects Heavy Armor Battlegroup
Dingo Light Scout Car
Dingo Light Scout Car
Dingo Light Scout Car
Dingo Light Scout Car
Selects Rigorous Vehicle Training
Royal Engineer Section
Construct Platoon Command Post
Humber Armored Car
Humber Armored Car
Unlock Bishop Self-propelled Artillery
Humber Armored Car
Selects Light Vehicle Withdraw and Refit
Selects Radio Net
Radio Net
Humber Armored Car
Humber Armored Car
Selects Designate Targets
Light Vehicle Training
Designate Targets
Radio Net
有摆子
BiliBilI_24073386_狐狸
白起
Seiun Sky
MoronPark-CPLASF
飞行的猫先森
PLA-storm
一个简单人机的自我修养
0
0
Comments
sign in to comment!
No comments posted yet!